AoeStats
← Mike

Oasis

507916319Analyzed
2v2 RM · 12d ago on Sep 20, 2026· 10m 56s· 4 players
Game mode
Random Map
Map size
Medium (4 player)
Population
200
Speed
Normal
Resources
Standard
Victory
Conquest
Starting age
Dark Age
Ending age
Imperial Age
RankedLock teamsTeams togetherTeam positionsShared explorationLock speedFull tech treeHidden civsTurbo modeCheats
Victory
Defeat
🇩🇪 Armenians · Germany
1010
+15
🇩🇪 Franks · Germany
988
+16
🇨🇦 Khmer · Canada
1035
-17
🇨🇦 Sicilians · Canada
955
-14
RawMen_Noodles
7:40 Loom
AJSAMUEL
7:48 Loom
12:53 Feudal Age
TITAN
3:00 Loom
10:46 Feudal Age
Mike
6:17 Loom
10:09 Feudal Age
10:13 Man-at-Arms
Connection lost

Rejoining the realm…

Still unreachable

The connection could not be restored.

Session expired

The server has moved on; the page needs a fresh start.